 Seeded DCSS version 0.30.1-11-g7821555f0a (webtiles) character file.

Game seed: 5 (custom seed)

94 Kazon the Cutter (level 4, -1/27 HPs)
             Began as a Vampire Gladiator on Dec 5, 2023.
             Slain by a kobold
             ... wielding a +0 short sword
              (3 damage)
             ... on level 2 of the Dungeon.
             The game lasted 00:06:03 (1175 turns).

Kazon the Cutter (Vampire Gladiator)                Turns: 1175, Time: 00:06:04

Health: -1/27      AC:  4    Str: 13    XL:     4   Next: 38%
Magic:  4/4        EV:  8    Int: 10    God:
Gold:   91         SH: 11    Dex: 15    Spells: 3/3 levels left

rFire   . . .        e - +6 short sword of Hainoitol {venom, *Rage rElec rC+++ Dex-2}
rCold   + + +        c - +0 tower shield
rNeg    + + +        b - +0 leather armour
rPois   ∞            i - +0 helmet
rElec   +            (no cloak)
rCorr   .            (no gloves)
SInv    +            (no boots)
Will    .....        (no amulet)
Stlth   ++++         (no ring)
HPRegen 0.00/turn    (no ring)
MPRegen 0.09/turn

%: no passive effects
@: bloodless, inhibited regen
A: bloodless, fangs 3, see invisible, vampiric 2
a: Bat Form, Revivify


You were on level 2 of the Dungeon.
You visited 1 branch of the dungeon, and saw 2 of its levels.

You collected 91 gold pieces.

Inventory:

Hand Weapons
 e - the +6 short sword of Hainoitol (weapon) {venom, *Rage rElec rC+++ Dex-2}
   (You acquired it on level 1 of the Dungeon)

   Dex:       It affects your dexterity (-2).
   rC:        It renders you almost immune to cold.
   rElec:     It insulates you from electricity.
   *Rage:     It berserks you when you make melee attacks (+20% chance).
Missiles
 a - a javelin
 d - 3 throwing nets
 f - 2 stones (quivered)
 j - 3 boomerangs
Armour
 b - a +0 leather armour (worn)
 c - a +0 tower shield (worn)
 i - a +0 helmet (worn)
Scrolls
 g - a scroll of fog {unknown}
 l - a scroll of teleportation {unknown}
 m - a scroll of blinking {unknown}
 n - a scroll of magic mapping {unknown}
Potions
 h - a potion of resistance {unknown}
 k - 3 potions of curing {unknown}


   Skills:
 + Level 2.4 Fighting
 + Level 4.1 Short Blades
 * Level 2.0 Throwing
 + Level 0.3 Armour
 + Level 3.8 Dodging
 + Level 2.1 Stealth
 + Level 0.4 Shields


You had 3 spell levels left.
You didn't know any spells.
Your spell library was empty.

Dungeon Overview and Level Annotations

Branches:
Dungeon (2/15)

Altars:


Innate Abilities, Weirdness & Mutations

You do not regenerate when monsters are visible.
You are frail without blood (-20% HP).
You can heal yourself when you bite living creatures.
You are immune to poison.
You have razor-sharp teeth.
You have supernaturally acute eyesight. (SInv)
You are afflicted with vampirism and can become a bat while bloodless.


Message History

You kill the hobgoblin!
A rat comes into view.
You block the goblin's attack. The goblin hits you but does no damage.
You block the goblin's attack.
You closely miss the goblin. The goblin hits you with a +0 club.
* * * LOW HITPOINT WARNING * * *
The goblin hits you but does no damage.
You hit the goblin.
You kill the goblin!
A kobold comes into view. It is wielding a +0 short sword.
You block the goblin's attack. The ball python bites you.
* * * LOW HITPOINT WARNING * * *
You block the ball python's attack.
You barely miss the ball python. You block the ball python's attack. x2
The goblin hits you with a +0 club.
* * * LOW HITPOINT WARNING * * *
You block the ball python's attack. The ball python grabs you.
The ball python constricts you. The goblin barely misses you.
You closely miss the ball python. You block the ball python's attack.
The ball python constricts you. The goblin barely misses you.
You barely miss the ball python. You block the ball python's attack.
The ball python constricts you. You block the goblin's attack.
The ball python bites you.
* * * LOW HITPOINT WARNING * * *
The ball python constricts you.
The kobold shouts!
You puncture the ball python!
You kill the ball python!
You block the goblin's attack.
You barely miss the goblin.
The goblin is severely wounded.
You kill the goblin!
The rat bites you but does no damage. The rat closely misses you.
You puncture the rat!
You kill the rat!
The kobold throws a stone.
You block the stone.
Items here: ) ††††.
You barely miss the kobold.
The kobold hits you with a +0 short sword.
You die...

..............#####.#.#
.........†....'.....# #
..............####### .
.......##'##### ...
.......##.# ....
.......##.# ####?....
.......##.# #........
.......##.# ######.##.....
#########.####..@K.........
#.....)####..#.... #.##..##
##.## . #.##..# #g.#
#.##..# #[...# #.##..#
##..## #.###.. #### #.#
##.. #.# ##


You could see a kobold.

Vanquished Creatures
  3 adders (D:2)
  2 worms (D:2)
  4 bats
  7 endoplasms
  A giant cockroach (D:1)
  10 goblins
  4 hobgoblins
  11 jackals
  2 kobolds
  4 ball pythons
  3 frilled lizards
  2 rats
53 creatures vanquished.

Notes
Turn   | Place    | Note
-------+----------+-------------------------------------------
     0 | D:1      | Kazon the Vampire Gladiator began the quest for the Orb.
     0 | D:1      | Reached XP level 1. HP: 16/16 MP: 1/1
    37 | D:1      | Identified a scroll of acquirement
    37 | D:1      | Acquired the +6 short sword of Hainoitol {venom, *Rage
                  | rElec rC+++ Dex-2}
    80 | D:1      | Reached XP level 2. HP: 22/22 MP: 2/2
   570 | D:1      | Gained mutation: You are afflicted with vampirism and can
                  | become a bat while bloodless. [Vampire growth]
   570 | D:1      | Reached XP level 3. HP: 26/27 MP: 3/3
   811 | D:2      | Reached skill level 1 in Stealth
   819 | D:2      | Reached skill level 4 in Short Blades
   985 | D:2      | Reached XP level 4. HP: 17/26 MP: 4/4
  1175 | D:2      | Slain by a kobold

Illustrated notes

Levels and vault maps discovered:
D:1:      ebering_trefoil_3fold, layout_basic, st_stairs_14, serial_bayou_ford_a
D:2:      layout_basic, hangedman_decor_growths, minmay_close_crescents

Skill      XL: |  1  2  3  4 |
---------------+-------------+-----
Fighting       | 2 |  2.4
Stealth        | 1 2 |  2.1
Short Blades   | 4 |  4.1
Throwing       | 2 |  2.0
Armour         | |  0.3
Dodging        | |  3.8
Shields        | |  0.4

Action                     |  1- 3 |  4- 6 || total
---------------------------+-------+-------++-------
  Melee: Rapier            |    11 |       ||    11
         Short sword       |    63 |    29 ||    92
         Bite              |     4 |     1 ||     5
  Throw: Javelin           |     1 |       ||     1
Ability: Exsanguinate      |     1 |       ||     1
    Use: Scroll            |     2 |       ||     2
         Potion            |     1 |       ||     1
   Stab: Sleeping          |     6 |     1 ||     7
 Armour: Leather armour    |    14 |    12 ||    26
  Dodge: Dodged            |    29 |    10 ||    39
  Block: Tower shield      |    20 |    30 ||    50
